 Dungeon Crawl Stone Soup version 0.25.1-2-g60ff931df9 (webtiles) character file.

Game seed: 5775903335651182602

3510 hawla the Covered (level 9, -12/73 HPs)
             Began as a Minotaur Artificer on Oct 12, 2020.
             Was an Initiate of Gozag.
             Mangled by a two-headed ogre
             ... wielding a +0 giant club
              (13 damage)
             ... on level 8 of the Dungeon.
             The game lasted 00:16:11 (8330 turns).

hawla the Covered (Minotaur Artificer)              Turns: 8330, Time: 00:16:12

Health: -12/73     AC: 12    Str: 18    XL:     9   Next: 81%
Magic:  12/13      EV: 15    Int:  9    God:    Gozag
Gold:   677        SH:  0    Dex: 12    Spells: 8/8 levels left

rFire    . . .     SeeInvis .   a - +1 quarterstaff
rCold    . . .     Gourm    .   (shield currently unavailable)
rNeg     . . .     Faith    .   m - +0 acid dragon scales
rPois    .         Spirit   .   (helmet restricted)
rElec    .         Reflect  .   x - +1 cloak {MR+}
rCorr    +         Harm     .   b - +1 pair of gloves
MR       +....                  (no boots)
Stlth    +.........             (no amulet)
HPRegen  0.22/turn              (no ring)
MPRegen  0.13/turn              (no ring)

@: gold aura
A: retaliatory headbutt, horns 2
a: Potion Petition, Call Merchant, Bribe Branch, Renounce Religion


You were on level 8 of the Dungeon.
You worshipped Gozag.
Gozag was pleased with you.
You were not hungry.

You visited 2 branches of the dungeon, and saw 9 of its levels.

You collected 754 gold pieces.
You paid 77 gold pieces to Gozag.

Inventory:

Hand Weapons
 a - a +1 quarterstaff (weapon)
Missiles
 g - 11 boomerangs (quivered)
 w - 4 atropa-tipped darts
Armour
 b - a +1 pair of gloves (worn)
 m - +0 acid dragon scales (worn)
 x - a +1 cloak of magic resistance (worn)
Wands
 c - a wand of flame (9)
 d - a wand of enslavement (14)
 e - a wand of random effects (22)
 q - a wand of polymorph (7)
Scrolls
 j - a scroll of enchant armour
 k - 2 scrolls of teleportation
 l - a scroll of identify
 n - 2 scrolls of blinking
 r - a scroll of enchant weapon
 s - a scroll of magic mapping
 t - a scroll of remove curse
 v - 3 scrolls of fog
Potions
 h - 2 potions of stabbing
 i - 5 potions of lignification
 o - a potion of cancellation
 p - a potion of flight
 u - a potion of haste
Comestibles
 f - 10 rations


   Skills:
 + Level 4.8 Fighting
   Level 1.3 Short Blades
   Level 5.4(6.8) Maces & Flails
   Level 1.5(4.2) Polearms
 + Level 6.2(7.3) Staves
 + Level 1.5 Throwing
 + Level 7.4 Armour
 * Level 7.0 Dodging
 - Level 0.7 Stealth
 * Level 6.8 Evocations


You had 8 spell levels left.
You didn't know any spells.
Your spell library contained the following spells:

 Spells                   Type           Power        Failure   Level  Hunger
 Animate Skeleton         Necr           N/A          45%         1    ##.....
 Pain                     Necr           #...         45%         1    ##.....
 Vampiric Draining        Necr           #.........   83%         3    ####...
 Animate Dead             Necr           N/A          99%         4    #####..
 Agony                    Necr           #.......     100%        5    ######.


Dungeon Overview and Level Annotations

Branches:
Dungeon (8/15)             Temple (1/1) D:5
   Lair: D:8-11

Altars:
Ashenzari
Cheibriados
Dithmenos
Elyvilon
Fedhas
Gozag
Kikubaaqudgha
Makhleb
Nemelex Xobeh
Okawaru
Qazlal
Ru
Sif Muna
Trog
Uskayaw
Vehumet
Wu Jian
Xom
Yredelemnul
Zin
The Shining One

Annotations:
D:5 statue, exclusion: statue
D:7 1 runed translucent door, hawla's ghost, novice MiBe


Innate Abilities, Weirdness & Mutations

You reflexively headbutt those who attack you in melee.
You have a pair of horns on your head.


Message History

Evoke which item? (* to show all) (? for menu, Esc to quit)
Aiming: Random Effects
Press: ? - help, Shift-Dir - straight line, f - two-headed ogre
Aim: a two-headed ogre, wielding two +0 giant clubs The two-headed ogre flickers and vanishes!
Deactivating autopickup; reactivate with Ctrl-A.
Evoke which item? (* to show all) (? for menu, Esc to quit)
Aiming: Throw Flame
Press: ? - help, Shift-Dir - straight line The puff of flame hits something.
Something hits you! x2
Something closely misses you. Something hits you! Something hits you!!
* * * LOW HITPOINT WARNING * * *
Something hits you but does no damage. Something hits you!
* * * LOW HITPOINT WARNING * * *
Something hits you!
You die...
Your body crumbles into a pile of gold.

## . .###.. #.........
.#.. ........ ... .......
.# .. ...... # #..##
##.[... # #...# ##..#..#
# #..###...#..# ##
###......##)@##
.####.........#..$##
............?......#####.
..........(.(..(.).......
....[.........%..........
.........................
.........................
..............%..........
....................#....
$


There were no monsters in sight!

Vanquished Creatures
  A two-headed ogre (D:8)
  Joseph (D:8)
  Maggie (D:6)
  A hippogriff (D:7)
  Edmund (D:4)
  4 ogres
  A centaur (D:7)
  4 bullfrogs
  5 wights (D:7)
  4 crimson imps
  2 howler monkeys
  A hound (D:7)
  2 jellies (D:7)
  2 centaur skeletons
  4 orc priests
  A quasit (D:5)
  3 iguanas
  4 orc wizards
  3 worker ants
  A hound skeleton (D:5)
  A howler monkey skeleton (D:7)
  13 adders
  A shadow imp (D:7)
  3 oozes
  An adder zombie (D:7)
  A worm (D:2)
  2 dart slugs
  3 leopard geckos
  17 orcs
  2 ball pythons
  8 bats
  7 giant cockroaches
  13 goblins
  7 hobgoblins
  3 jackals (D:4)
  12 kobolds
  5 quokkas
  7 frilled lizards
  A giant cockroach zombie (D:6)
  2 quokka skeletons
  5 rats
160 creatures vanquished.

Vanquished Creatures (collateral kills)
  An ogre (D:8)
  An orc priest (D:4)
  An orc (D:4)
3 creatures vanquished.

Vanquished Creatures (others)
  An orc wizard (D:4)
1 creature vanquished.

Grand Total: 164 creatures vanquished

Notes
Turn   | Place    | Note
-------+----------+-------------------------------------------
     0 | D:1      | hawla the Minotaur Artificer began the quest for the Orb.
     0 | D:1      | Reached XP level 1. HP: 16/16 MP: 1/1
   311 | D:1      | Reached XP level 2. HP: 23/23 MP: 1/3
  1167 | D:2      | Reached XP level 3. HP: 28/28 MP: 4/4
  1360 | D:2      | Reached skill level 1 in Armour
  1467 | D:2      | Reached XP level 4. HP: 35/35 MP: 5/5
  1485 | D:2      | Reached skill level 1 in Maces & Flails
  2013 | D:2      | You fall into a shaft and drop 1 floor!
  2421 | D:3      | Reached XP level 5. HP: 39/40 MP: 6/6
  2579 | D:3      | Found a white marble altar of Elyvilon.
  2930 | D:4      | Found a bloodstained altar of Trog.
  2975 | D:4      | Noticed Edmund
  2990 | D:4      | Killed Edmund
  2990 | D:4      | Reached XP level 6. HP: 42/48 MP: 6/8
  3668 | D:4      | Reached XP level 7. HP: 32/56 MP: 9/9
  3965 | D:5      | Entered Level 5 of the Dungeon
  4355 | D:5      | Found a radiant altar of Vehumet.
  4438 | D:5      | Reached skill level 5 in Maces & Flails
  4788 | D:5      | Found a staircase to the Ecumenical Temple.
  5004 | Temple   | Entered the Ecumenical Temple
  5054 | Temple   | Became a worshipper of Gozag Ym Sagoz the Greedy
  5274 | D:6      | Noticed Maggie
  5287 | D:6      | Killed Maggie
  5287 | D:6      | Reached skill level 1 in Polearms
  5287 | D:6      | Reached skill level 5 in Armour
  5287 | D:6      | Reached skill level 5 in Dodging
  5287 | D:6      | Reached skill level 5 in Evocations
  5287 | D:6      | Reached XP level 8. HP: 34/63 MP: 10/10
  5696 | D:6      | Reached skill level 1 in Throwing
  6028 | D:6      | Reached skill level 1 in Staves
  6116 | D:6      | Found a snail-covered altar of Cheibriados.
  6117 | D:6      | Found a burning altar of Makhleb.
  6634 | D:6      | Found an ornate altar of the Wu Jian Council.
  7155 | D:7      | Found an iron altar of Okawaru.
  7220 | D:7      | Noticed a hippogriff
  7229 | D:7      | Killed a hippogriff
  7229 | D:7      | Reached XP level 9. HP: 61/71 MP: 12/12
  7483 | D:7      | Found a runed translucent door.
  7526 | D:7      | Noticed hawla's ghost (novice MiBe)
  7768 | D:7      | Found an ancient bone altar of Kikubaaqudgha.
  7768 | D:7      | Found a shimmering blue altar of Sif Muna.
  7769 | D:7      | Found a shattered altar of Ashenzari.
  8091 | D:8      | Noticed Joseph
  8109 | D:8      | Killed Joseph
  8319 | D:8      | Noticed a two-headed ogre
  8321 | D:8      | Noticed a two-headed ogre
  8324 | D:8      | Killed a two-headed ogre
  8330 | D:8      | HP: 1/73 [something (7)]
  8330 | D:8      | Mangled by a two-headed ogre

Illustrated notes

Levels and vault maps discovered:
D:1:      eino_arrival_water_cross, layout_basic
D:2:      layout_basic, hangedman_decor_points
D:3:      layout_basic, elyvilon_altar_5
D:4:      layout_rooms, lightli_temple_of_fire, uniq_edmund
D:5:      layout_rooms, vehumet_statue, minmay_temple_entry_purple_smoke,
          first_ration
D:6:      layout_layer_cave, marbit_many_paths, gammafunk_temple_overflow_pools,
          uniq_maggie
D:7:      layout_rooms, okawaru_gym_becter, gammafunk_temple_overflow_claw,
          ebering_ghost_reflecting_pool
D:8:      layout_layer_cave, serial_bayou_pond_d, hangedman_pestilent_swarm,
          uniq_psyche, uniq_prince_ribbit1, uniq_joseph
Temple:   minmay_temple_bridge_abc

Skill      XL: |  1  2  3  4  5  6  7  8  9 |
---------------+----------------------------+-----
Evocations     | 3 4 5 6 |  6.8
Armour         | 1 2 3 4 5 6 7 |  7.4
Maces & Flails | 1 2 3 5 |  5.4
Dodging        | 3 4 5 6 7 |  7.0
Fighting       | 2 3 4 |  4.8
Polearms       | 1 |  1.5
Throwing       | 1 |  1.5
Staves         | 2 6 |  6.2
Short Blades   | |  1.3
Stealth        | |  0.7

Action                   |  1- 3 |  4- 6 |  7- 9 || total
-------------------------+-------+-------+-------++-------
Melee: Whip              |    78 |   118 |       ||   196
       Short sword       |     2 |       |       ||     2
       Headbutt          |     9 |    18 |    48 ||    75
       Flail             |       |    49 |    81 ||   130
       Trident           |       |       |    39 ||    39
       Quarterstaff      |       |       |   164 ||   164
Throw: Boomerang         |       |       |    13 ||    13
Evoke: Wand              |     2 |     7 |     5 ||    14
  Use: Scroll            |     1 |     6 |     8 ||    15
       Potion            |       |     3 |       ||     3
 Stab: Paralysed         |     1 |       |     1 ||     2
       Distracted        |       |       |     2 ||     2
  Eat: Chunk             |     2 |     7 |     3 ||    12
       Ration            |       |       |     4 ||     4
Armor: Leather armour    |    15 |       |       ||    15
       Scale mail        |    21 |    35 |       ||    56
       Chain mail        |       |    56 |   103 ||   159
       Skin              |       |    10 |       ||    10
       Acid dragon scale |       |       |    42 ||    42
Dodge: Dodged            |    61 |    76 |   174 ||   311
